 Dungeon Crawl Stone Soup version 0.22-a0-422-g9628fc8 (webtiles) character file.

175 galech the Covered (level 5, -8/41 HPs)
             Began as a Gnoll Wanderer on May 16, 2018.
             Killed by divine providence
             ... invoked by an orc priest
              (10 damage)
             ... on level 4 of the Dungeon.
             The game lasted 00:06:37 (2819 turns).

galech the Covered (Gnoll Wanderer)                 Turns: 2819, Time: 00:06:38

Health: -8/41      AC: 14    Str: 15 (18) XL:     5   Next: 55%
Magic:  0/9        EV:  5    Int: 12 (13) God:
Gold:   131        SH:  9    Dex: 16 (18) Spells: 10/10 levels left

rFire    . . .     SeeInvis .   h - +2 dagger (speed)
rCold    . . .     Gourm    .   a - +0 shield
rNeg     . . .     Faith    .   q - +0 chain mail (curse)
rPois    .         Spirit   +   (no helmet)
rElec    +         Reflect  .   m - scarf {Spirit}
rCorr    .         Harm     .   g - +1 pair of gloves
MR       .....                  (no boots)
Stlth    ..........             (no amulet)
HPRegen  0.13/turn              e - +5 ring of dexterity
MPRegen  0.11/turn              d - +3 ring of protection

@: no status effects
A: distributed training, claws 1, fangs 1, electricity resistance, strong nose
a: no special abilities


You were on level 4 of the Dungeon.
You were not hungry.

You visited 1 branch of the dungeon, and saw 4 of its levels.

You collected 131 gold pieces.

Inventory:

Hand Weapons
 c - a +0 spear
 h - a +2 dagger of speed (weapon)
Armour
 a - a +0 shield (worn)
 g - a +1 pair of gloves (worn)
 i - a +0 ring mail
 m - a scarf of spirit shield (worn)
 q - a cursed +0 chain mail (worn)
Jewellery
 d - a +3 ring of protection (right hand)
 e - a +5 ring of dexterity (left hand)
Scrolls
 p - a scroll of blinking
 r - a scroll of enchant armour
 s - a scroll of fog
 t - a scroll of immolation {unknown}
Comestibles
 f - 4 rations


   Skills:
 + Level 3.0 Fighting
 + Level 1.5 Short Blades
 + Level 1.5 Long Blades
 + Level 1.5 Axes
 + Level 1.5 Maces & Flails
 + Level 1.5 Polearms
 + Level 1.5 Staves
 + Level 1.5 Slings
 + Level 1.5 Bows
 + Level 1.5 Crossbows
 + Level 3.0 Throwing
 + Level 4.8 Armour
 + Level 1.5 Dodging
 + Level 1.5 Stealth
 + Level 3.0 Shields
 + Level 1.5 Unarmed Combat
 + Level 3.2 Spellcasting
 + Level 1.2 Conjurations
 + Level 1.2 Hexes
 + Level 1.2 Charms
 + Level 1.2 Summonings
 + Level 1.2 Necromancy
 + Level 4.0 Translocations
 + Level 1.2 Transmutations
 + Level 1.2 Fire Magic
 + Level 1.2 Ice Magic
 + Level 1.2 Air Magic
 + Level 4.0 Earth Magic
 + Level 1.2 Poison Magic
 + Level 1.7 Invocations
 + Level 1.5 Evocations


You had 10 spell levels left.
You didn't know any spells.
Your spell library contained the following spells:

 Spells                   Type           Power        Failure   Level  Hunger
 Passwall                 Tmut/Erth      #.........   100%        2    ###....
 Sticks to Snakes         Tmut           #.......     100%        2    ###....


Dungeon Overview and Level Annotations

Branches:
Dungeon (4/15)
 Temple: D:4-7

Altars:
Dithmenos
Fedhas
Wu Jian

Annotations:
D:3 galech's ghost, amateur GnWn


Innate Abilities, Weirdness & Mutations

Your experience applies equally to all skills.
You have very sharp teeth.
Your uncanny sense of smell can sniff out nearby items.
You have sharp fingernails.
You are resistant to electric shocks. (rElec)


Message History

You are too injured to fight recklessly!
You are too injured to fight recklessly!
Unknown command.
Your chain mail prevents you from hitting the orc.
The orc is almost dead.
The adder skeleton bites you but does no damage.
An orc priest comes into view. It is wielding a club.
The adder skeleton bites you but does no damage.
The orc priest calls down the wrath of Beogh upon you.
Beogh smites you!
* * * LOW HITPOINT WARNING * * *
The orc priest mumbles some strange prayers to Beogh against you.
Beogh smites you!
* * * LOW HITPOINT WARNING * * *
The orc priest calls upon Beogh to heal the orc.
The orc is healed somewhat.
The adder skeleton bites you but does no damage.
The orc priest invokes the aid of Beogh against you.
Beogh smites you!
You die...

∆ .>....# o.#
#######....# ..#
#.......!>.###o###.#
...........[.......#
............o.##
...?...#%.o....##
....._....Z##o.....
...........†.......#
...8....@.####..##..
..........# #... .
._.....<#..# ..##
.....$.###.# ...
.#$.... ... $......
.### ....... .. ∆
....... . .......


You could see 3 orc priests, an orc and an adder skeleton.

Vanquished Creatures
  Jessica (D:2)
  Terence (D:2)
  4 gnolls
  2 adders (D:3)
  3 worms
  A dart slug (D:1)
  3 leopard geckos
  3 orcs (D:3)
  2 giant cockroaches
  6 goblins
  6 hobgoblins
  A jackal (D:3)
  4 kobolds
  2 quokkas (D:3)
  7 bats
  5 frilled lizards
  3 rats
54 creatures vanquished.

Notes
Turn   | Place    | Note
-------+----------+-------------------------------------------
     0 | D:1      | galech the Gnoll Wanderer began the quest for the Orb.
     0 | D:1      | galech set off with: a +0 shield, a +0 spear, a +0 robe, a ration
     0 | D:1      | Reached XP level 1. HP: 17/17 MP: 4/4
   329 | D:1      | Reached XP level 2. HP: 23/23 MP: 5/5
   763 | D:2      | Noticed Terence
  1043 | D:1      | Reached XP level 3. HP: 21/28 MP: 7/7
  1238 | D:2      | Killed Terence
  1238 | D:2      | Reached skill level 1 in Short Blades
  1238 | D:2      | Reached skill level 1 in Long Blades
  1238 | D:2      | Reached skill level 1 in Axes
  1238 | D:2      | Reached skill level 1 in Maces & Flails
  1238 | D:2      | Reached skill level 1 in Polearms
  1238 | D:2      | Reached skill level 1 in Staves
  1238 | D:2      | Reached skill level 1 in Slings
  1238 | D:2      | Reached skill level 1 in Bows
  1238 | D:2      | Reached skill level 1 in Crossbows
  1238 | D:2      | Reached skill level 1 in Dodging
  1238 | D:2      | Reached skill level 1 in Stealth
  1238 | D:2      | Reached skill level 1 in Unarmed Combat
  1238 | D:2      | Reached skill level 1 in Invocations
  1238 | D:2      | Reached skill level 1 in Evocations
  1449 | D:2      | Reached XP level 4. HP: 34/34 MP: 8/8
  1513 | D:2      | Noticed Jessica
  1538 | D:2      | Killed Jessica
  1887 | D:3      | Reached skill level 1 in Conjurations
  1887 | D:3      | Reached skill level 1 in Hexes
  1887 | D:3      | Reached skill level 1 in Charms
  1887 | D:3      | Reached skill level 1 in Summonings
  1887 | D:3      | Reached skill level 1 in Necromancy
  1887 | D:3      | Reached skill level 1 in Transmutations
  1887 | D:3      | Reached skill level 1 in Fire Magic
  1887 | D:3      | Reached skill level 1 in Ice Magic
  1887 | D:3      | Reached skill level 1 in Air Magic
  1887 | D:3      | Reached skill level 1 in Poison Magic
  2043 | D:3      | Reached XP level 5. HP: 29/40 MP: 6/9
  2216 | D:3      | Found a shadowy altar of Dithmenos.
  2566 | D:3      | Noticed galech's ghost (amateur GnWn)
  2598 | D:2      | Gained mutation: You are clumsy. (Dex -2) [potion of mutation]
  2598 | D:2      | Gained mutation: You have sharp fingernails. [potion of mutation]
  2598 | D:2      | Lost mutation: You are clumsy. (Dex -2) [potion of mutation]
  2598 | D:2      | Gained mutation: You are resistant to electric shocks. (rElec) [potion of mutation]
  2788 | D:4      | Found a blossoming altar of Fedhas.
  2788 | D:4      | Found an ornate altar of the Wu Jian Council.
  2818 | D:4      | HP: 2/41 [orc priest/divine providence (10)]
  2819 | D:4      | Killed from afar by an orc priest

Vault maps used:
D:1:      nicolae_arrival_washed_ashore
D:2:      uniq_terence, uniq_jessica
D:3:      nicolae_dithmenos_through_a_glass_darkly, kennysheep_generic_room_16
D:4:      okawaru_gym_becter, grunt_temple_overflow_open, old_standard_altar,
          enter_ossuary_1, minmay_misc_feat_enclosed

Skill      XL: |  1  2  3  4  5 |
---------------+----------------+-----
Short Blades   | 1 |  1.5
Long Blades    | 1 |  1.5
Axes           | 1 |  1.5
Maces & Flails | 1 |  1.5
Polearms       | 1 |  1.5
Staves         | 1 |  1.5
Slings         | 1 |  1.5
Bows           | 1 |  1.5
Crossbows      | 1 |  1.5
Dodging        | 1 |  1.5
Stealth        | 1 |  1.5
Unarmed Combat | 1 |  1.5
Invocations    | 1 |  1.7
Evocations     | 1 |  1.5
Spellcasting   | 3 |  3.2
Conjurations   | 1 |  1.2
Hexes          | 1 |  1.2
Charms         | 1 |  1.2
Summonings     | 1 |  1.2
Necromancy     | 1 |  1.2
Transmutations | 1 |  1.2
Fire Magic     | 1 |  1.2
Ice Magic      | 1 |  1.2
Air Magic      | 1 |  1.2
Poison Magic   | 1 |  1.2
Fighting       | 3 |  3.0
Throwing       | 3 |  3.0
Shields        | 3 |  3.0
Translocations | 4 |  4.0
Earth Magic    | 4 |  4.0
Armour         | |  4.8

Action                   |  1- 3 |  4- 6 || total
-------------------------+-------+-------++-------
Melee: Spear             |    24 |       ||    24
       Dagger            |    84 |   145 ||   229
       Bite              |    12 |    18 ||    30
  Use: Scroll            |     5 |     4 ||     9
       Potion            |       |     5 ||     5
 Stab: Sleeping          |     3 |       ||     3
  Eat: Chunk             |     2 |     4 ||     6
Armor: Robe              |     5 |       ||     5
       Ring mail         |    17 |    10 ||    27
       Chain mail        |       |    15 ||    15
Dodge: Dodged            |    30 |    22 ||    52
Block: Shield            |    42 |    49 ||    91

Table legend:
 A = Spawn XP
 B = Non-spawn XP
 C = Spawn XP percentage of total XP
 D = Spawn monster count
 E = Non-spawn monster count
 F = Spawn count percentage of total count
 G = Total turns spent on level
                    A         B        C        D         E        F      G
               +---------+---------+-------+---------+---------+-------+---------
         Total |       0 |     250 |   0.0 |       0 |      54 |   0.0 |  2819
               +---------+---------+-------+---------+---------+-------+---------
           D:1 |       0 |      28 |   0.0 |       0 |      18 |   0.0 |   912
           D:2 |       0 |     112 |   0.0 |       0 |      15 |   0.0 |  1085
           D:3 |       0 |     103 |   0.0 |       0 |      19 |   0.0 |   791
           D:4 |       0 |       7 |   0.0 |       0 |       2 |   0.0 |    31
               +---------+---------+-------+---------+---------+-------+---------
